AoeStats
← ektum_inside

Yucatan

510280262Analyzed
3v3 RM · 21h ago on Sep 30, 2026· 53m 2s· 6 players
Game mode
Random Map
Map size
Normal (6 player)
Population
200
Speed
Normal
Resources
Standard
Victory
Conquest
Starting age
Dark Age
Ending age
Imperial Age
RankedLock teamsTeams togetherTeam positionsShared explorationLock speedFull tech treeHidden civsTurbo modeCheats
Victory
Defeat
🇦🇺 Danes · Australia
1078
+15
🇦🇺 Romans · Australia
1060
+16
🇦🇺 Hindustanis · Australia
1039
+17
🇨🇭 Berbers · Switzerland
1110
-18
🇮🇳 Saracens · India
1068
-16
🇪🇬 Lithuanians · Egypt
1015
-14
ektum_inside
0:35 Loom
11:00 Feudal Age
11:40 Double-Bit Axe
12:02 Town Watch
17:40 Castle Age
15:48 Horse Collar
17:01 Stone Mining
17:25 Gold Mining
17:51 Fletching
21:15 Bow Saw
23:10 Wheelbarrow
24:20 Bloodlines
25:37 Heavy Plow
26:57 Scale Barding Armor
28:25 Gold Shaft Mining
27:47 Fishing Lines
32:14 Imperial Age
32:20 Chain Barding Armor
32:12 Forging
32:03 Husbandry
33:05 Hand Cart
34:34 Two-Man Saw
33:29 Gillnets
34:41 Plate Barding Armor
34:30 Ballistics
35:15 Conscription
35:49 Iron Casting
36:26 Murder Holes
37:33 Chemistry
37:29 Counterweights
38:18 Siege Engineers
38:24 Masonry
37:58 Elite Mameluke
40:02 Blast Furnace
39:46 Bodkin Arrow
39:30 Light Cavalry
42:28 Arrowslits
42:33 Guard Tower
45:12 Fortified Wall
45:45 Hoardings
46:50 Hoardings
48:57 Pikeman
Civilgarlic
3:19 Loom
9:31 Feudal Age
17:43 Castle Age
23:46 Fletching
24:37 Double-Bit Axe
25:21 Bodkin Arrow
34:38 Ballistics
39:28 Imperial Age
37:41 Gold Mining
37:38 Horse Collar
38:20 Padded Archer Armor
39:37 Husbandry
39:48 Bloodlines
40:29 Bracer
43:02 Leather Archer Armor
44:40 Wheelbarrow
45:10 Bow Saw
47:38 Chemistry
46:52 Masonry
48:33 Elite Camel Archer
50:17 Ring Archer Armor
50:23 Elite Genitour
53:00 Thumb Ring
Khaled_Samir
10:44 Feudal Age
11:11 Loom
11:26 Double-Bit Axe
14:47 Horse Collar
16:42 Wheelbarrow
18:36 Castle Age
17:52 Town Watch
19:02 Bloodlines
20:01 Scale Barding Armor
21:21 Forging
22:38 Wheelbarrow
25:39 Iron Casting
24:38 Light Cavalry
25:49 Pikeman
27:47 Squires
28:10 Arson
28:47 Heavy Plow
28:54 Town Patrol
29:06 Fletching
30:14 Scale Mail Armor
29:54 Man-at-Arms
32:11 Bow Saw
32:22 Long Swordsman
38:44 Imperial Age
36:32 Padded Archer Armor
37:47 Hand Cart
38:50 Two-Handed Swordsman
39:54 Chain Mail Armor
40:52 Crop Rotation
40:33 Onager
43:19 Two-Man Saw
42:10 Gold Mining
42:12 Stone Mining
43:35 Elite Leitis
46:53 Leather Archer Armor
46:33 Bodkin Arrow
46:59 Chain Barding Armor
46:31 Champion
47:51 Cavalier
51:35 Halberdier
Da Rourkus
12:22 Feudal Age
10:38 Loom
16:44 Castle Age
15:42 Double-Bit Axe
17:41 Wheelbarrow
18:30 Bow Saw
22:13 Hand Cart
24:44 Pikeman
27:31 Horse Collar
27:38 Town Watch
28:11 Gold Mining
28:18 Man-at-Arms
34:34 Imperial Age
33:22 Gold Shaft Mining
33:00 Long Swordsman
33:47 Scale Mail Armor
33:57 Forging
37:04 Iron Casting
36:45 Chain Mail Armor
39:06 Blast Furnace
40:18 Heavy Scorpion
41:17 Ballistas
40:45 Legionary
46:50 Comitatenses
46:51 Conscription
45:59 Halberdier
Screethan
12:23 Feudal Age
10:38 Loom
17:32 Castle Age
17:19 Double-Bit Axe
17:37 Horse Collar
18:34 Bow Saw
19:11 Scale Mail Armor
19:24 Forging
19:48 Squires
21:16 Wheelbarrow
26:31 Heavy Plow
31:43 Chain Mail Armor
33:30 Iron Casting
32:47 Gambesons
37:21 Imperial Age
34:45 Arson
36:28 Hamask
37:45 Capped Ram
40:14 Conscription
39:24 Elite Varangian Guard
40:38 Plate Mail Armor
42:47 Hand Cart
44:42 Fletching
45:56 Blast Furnace
44:47 Fletching
46:19 Elite Skirmisher
47:03 Bodkin Arrow
47:11 Padded Archer Armor
48:29 Bracer
49:49 Leather Archer Armor
52:41 Ring Archer Armor
52:00 Northmen's Fury
53:19 Hoardings
52:56 Thumb Ring
FredeyTheStorm
11:01 Feudal Age
14:49 Castle Age
12:53 Double-Bit Axe
15:11 Pikeman
15:56 Squires
16:48 Wheelbarrow
16:55 Wheelbarrow
16:42 Forging
16:46 Horse Collar
18:43 Loom
21:14 Heavy Plow
23:20 Bloodlines
23:58 Hand Cart
26:24 Iron Casting
25:55 Scale Barding Armor
26:26 Husbandry
28:34 Bow Saw
28:26 Town Watch
30:15 Chain Barding Armor
34:09 Town Patrol
34:38 Grand Trunk Road
34:33 Gold Mining
34:33 Stone Mining
37:29 Imperial Age
35:54 Fletching
36:04 Padded Archer Armor
37:37 Siege Elephant
37:40 Heavy Camel Rider
37:48 Light Cavalry
39:31 Blast Furnace
39:06 Plate Barding Armor
39:28 Plate Barding Armor
39:28 Conscription
40:41 Coinage
40:38 Imperial Camel Rider
43:00 Gold Shaft Mining
43:00 Stone Shaft Mining
49:36 Hussar
53:01 Scale Mail Armor
52:57 Bodkin Arrow
53:17 Leather Archer Armor
52:48 Arson
Connection lost

Rejoining the realm…

Still unreachable

The connection could not be restored.

Session expired

The server has moved on; the page needs a fresh start.